 Dungeon Crawl Stone Soup version 0.14.0-24-gfb45beb (webtiles) character file.

33988 Maka the Severer (level 13, -11/124 HPs)
             Began as a Deep Dwarf Fighter on Apr 23, 2014.
             Was a High Priest of the Shining One.
             Engulfed by a cloud of flame (20 damage)
             ... in a volcano.
             The game lasted 01:28:08 (13216 turns).

Maka the Severer (Deep Dwarf Fighter)              Turns: 13216, Time: 01:28:08

HP -11/124       AC 20     Str 22      XL: 13   Next: 38%
MP  11/11        EV  8     Int  8      God: the Shining One [*****.]
Gold 321         SH 13     Dex 21      Spells:  0 memorised, 12 levels left

rFire  . . .     SeeInvis .     a - +0,+2 war axe (elec)
rCold  . . .     Clarity  .     s - +0 plate armour
rNeg   + + .     Conserve .     F - +0 buckler
rPois  .         rCorr    .     A - +1 helmet
rElec  .         rRot     .     E - +0 cloak
SustAb . .       Spirit   .     (no gloves)
rMut   +         Warding  .     (no boots)
Saprov . . .     Stasis   .     h - amulet of resist mutation
MR     +....                    m - +5 ring of dexterity
                                x - +1 ring of evasion

@: non-regenerating, glowing, somewhat resistant to hostile enchantments,
extremely unstealthy
A: damage resistance, recharge devices, sense surroundings 2, slow healing 3
a: Device Recharging, Divine Shield, Cleansing Flame, Summon Divine Warrior,
Renounce Religion


You were in a volcano.
You worshipped the Shining One.
The Shining One was extremely pleased with you.
You were not hungry.

You visited 4 branches of the dungeon, and saw 20 of its levels.
You also visited: Sewer and Volcano.

You collected 1852 gold pieces.
You spent 1531 gold pieces at shops.

Inventory:

Hand weapons
 a - a +0,+2 war axe of electrocution (weapon)
 b - the +10,+3 war axe "Uteakhle" {freeze, -Tele +Rage +Fly rC+ rN+, as expected of acquirement}
   (You acquired it on level 4 of the Orcish Mines)

   It has been specially enchanted to freeze those struck by it, causing extra
   injury to most foes and up to double damage against particularly susceptible
   opponents.
   It can also slow down cold-blooded creatures.
   It protects you from cold.
   It protects you from negative energy.
   It lets you fly.
   It lets you go berserk.
   It prevents most forms of teleportation.
Missiles
 K - 8 javelins (quivered)
 O - 2 throwing nets
Armour
 s - a +0 plate armour (worn)
 A - a +1 helmet (worn)
 E - a +0 cloak (worn)
 F - a +0 buckler (worn)
Magical devices
 l - a wand of lightning (9)
 y - a wand of magic darts (9)
 z - a wand of paralysis (8)
 B - a wand of flame (5)
 Y - a wand of teleportation (3)
 Z - a wand of heal wounds (4)
Comestibles
 c - 2 meat rations
 n - 10 honeycombs
Jewellery
 h - an amulet of resist mutation (around neck)
 j - an uncursed ring of positive energy {unknown}
 m - a +5 ring of dexterity (right hand)
 o - an uncursed ring of ice
 t - an uncursed ring of sustain abilities
 u - an uncursed ring of flight
 x - a +1 ring of evasion (left hand)
 D - the ring "Nemouff" {Contam rC+}
   (You found it on level 11 of the Dungeon)

   [ring of protection from cold]

   It causes magical contamination when unequipped.
 G - the ring of Xom's Wantonness {Dex+3 Int+3}
   (You took it off a crimson imp on level 8 of the Dungeon)

   [ring of intelligence]

   It affects your intelligence (+3).
   It affects your dexterity (+3).
Potions
 e - a potion of invisibility {unknown}
 i - a potion of agility
 p - a potion of berserk rage
 q - 4 potions of curing
 r - a potion of restore abilities
 I - 2 potions of heal wounds
Books
 f - a book of Flames

   Spells                             Type                      Level
   Flame Tongue                       Conjuration/Fire             1
   Throw Flame                        Conjuration/Fire             2
   Conjure Flame                      Conjuration/Fire             3
   Inner Flame                        Hexes/Fire                   3
   Sticky Flame                       Conjuration/Fire             4
   Fireball                           Conjuration/Fire             5


   Skills:
 + Level 10.6 Fighting
 - Level 16.0 Axes
 - Level 13.5 Armour
 - Level 5.0 Shields
 - Level 5.0 Invocations


You had 12 spell levels left.
You didn't know any spells.

Dungeon Overview and Level Annotations

Branches:
Dungeon (13/15)            Temple (1/1) D:7             Orc (4/4) D:9
    Elf (0/3) Orc:4          Lair (2/8) D:11
 Vaults: D:13-14

Altars:
Cheibriados
Fedhas
Makhleb
Okawaru
Vehumet
Xom
The Shining One

Shops:
D:5 *[=}:   D:7 !   D:11 =   Orc:2 (   Orc:3 *%   Orc:4 ?[*(!

Portals:
Trove: D:11 (give wand of hasting (8))

Annotations:
D:9 exclusions: oklob plant and oklob sapling


Innate Abilities, Weirdness & Mutations

You are resistant to damage.
You can recharge devices by infusing magical energy.
You passively map the area around you.
You do not heal naturally.


Message History

The fire drake bites you but does no damage.
You hit the fire drake.
There is a sudden explosion of sparks!
The fire drake is almost dead.
You block the fire drake's attack.
You barely miss the fire drake.
The fire drake is almost dead.
The fire drake closely misses you. The fire drake bites you.
You slash the fire drake!
There is a sudden explosion of sparks!
You kill the fire drake!
You open the door.
The air gets thick with the scent of sulphur.
Found seven items.
There is an open door here.
You now have 321 gold pieces (gained 14).
In the distance, the volcano erupts with a roar.
You are engulfed in roaring flames.
* * * LOW HITPOINT WARNING * * *
You close the door.
You are engulfed in roaring flames.
You die...

* ≈≈≈≈≈≈≈..'....#..§≈≈≈*≈
≈≈≈≈≈≈≈≈≈.#....#.≈≈≈≈≈≈≈
*
≈≈≈≈≈≈≈≈≈.##..##.≈.≈≈≈§≈
≈≈≈≈≈≈≈≈...####..§≈≈≈§§#
* ≈≈≈≈≈≈≈≈........≈≈§≈≈#≈
≈ ≈≈≈≈≈≈≈..####.%.≈§§§§#≈
≈≈≈≈≈.≈.##.§##.§§§§≈≈§≈
≈≈≈≈≈≈≈..#[)§§#§§§§§§§≈§*
≈≈≈≈≈...#.§§@+§§§§§§§≈#≈
≈ ≈≈≈≈≈.#$$§§#§§§≈§§§#≈≈
≈≈ ≈≈≈≈.##[§##.§§§§§§≈≈ *
≈≈≈..### ..≈§§§§§≈ * . ,
,.§.§§§§≈≈≈ ≈ ≈ , *
#..§≈≈§≈§* ≈≈ ≈ ≈,
##.≈≈≈≈§≈ ≈ ≈ #.≈≈≈§ ≈ *
', ,#.≈ *


There were no monsters in sight!

Vanquished Creatures
  Josephine (D:11)
  Erica (Lair:1)
  An ogre mage (Orc:3)
  A tengu warrior (D:12)
  3 orc high priests (Orc:4)
  An unseen horror (D:11)
  A hill giant (D:10)
  Joseph (Lair:1)
  6 orc sorcerers
  An orc knight (Orc:3)
  A black mamba (Lair:2)
  A gargoyle (D:10)
  A centaur zombie (D:11)
  2 spiny frogs (Lair:2)
  An orange demon (Orc:4)
  A fire drake (Volcano)
  A queen bee (D:9)
  4 trolls
  2 centaur skeletons (D:11)
  A tengu conjurer (D:12)
  A komodo dragon (Lair:1)
  5 two-headed ogres
  Prince Ribbit (Lair:2)
  4 blink frogs (Lair:2)
  A raven (D:12)
  3 deep elf magi
  6 ugly things (D:12)
  A wraith (D:10)
  2 shadows
  A wyvern (D:8)
  A hill giant zombie (D:11)
  A fire bat (Volcano)
  Eustachio (D:10)
  29 yaks
  2 hippogriffs (Lair:2)
  Grum (Orc:4)
  A deep elf fighter (Volcano)
  2 wolves (Orc:4)
  A steam dragon (D:8)
  A necrophage (D:6)
  7 wargs
  A hog (Volcano)
  2 water moccasins (Lair:1)
  A porcupine (Lair:2)
  2 phantoms (D:8)
  A tengu skeleton (D:11)
  A manticore zombie (D:11)
  4 ice beasts
  21 orc warriors
  6 ogres
  4 crocodiles
  A black bear (D:8)
  4 centaurs
  2 sky beasts
  Sigmund (D:2)
  12 giant frogs
  39 killer bees
  A scorpion (D:12)
  8 wights
  A wolf zombie (Orc:4)
  2 goliath beetles
  2 jellies (D:6)
  A quasit (D:6)
  A big fish (Sewer)
  An elf zombie (D:7)
  3 hounds
  4 crimson imps
  38 orc priests
  2 giant frog skeletons
  33 orc wizards
  7 iguanas
  5 worker ants
  An orange rat (D:7)
  An ogre skeleton (D:5)
  An ogre simulacrum (D:11)
  A worker ant zombie (D:11)
  5 gnolls
  20 adders
  23 green rats
  4 giant mites
  6 shadow imps
  5 worms
  2 iguana skeletons (D:7)
  2 giant eyeballs
  An ooze (D:6)
  163 orcs
  11 bats
  4 giant cockroaches
  23 hobgoblins
  29 jackals
  18 kobolds
  7 quokkas
  10 ball pythons
  10 giant geckos
  9 giant newts
  A gnoll zombie (D:6)
  17 goblins
  A hobgoblin skeleton (D:4)
  A kobold skeleton (D:5)
  2 orc skeletons
  4 orc zombies
  24 rats
  A rat zombie (D:6)
  A ballistomycete (D:8)
  3 plants
726 creatures vanquished.

Vanquished Creatures (others)
  A giant spore (D:8)
  A butterfly (D:9)
2 creatures vanquished.

Grand Total: 728 creatures vanquished

Notes
Turn   | Place    | Note
--------------------------------------------------------------
     0 | D:1      | Maka, the Deep Dwarf Fighter, began the quest for the Orb.
     0 | D:1      | Reached XP level 1. HP: 20/20 MP: 1/1
   304 | D:2      | Reached XP level 2. HP: 27/27 MP: 2/2
   340 | D:2      | Reached XP level 3. HP: 28/33 MP: 3/3
   347 | D:2      | Reached skill level 4 in Axes
   376 | D:2      | Noticed Sigmund
   902 | D:2      | Reached XP level 4. HP: 24/40 MP: 4/4
   961 | D:2      | Killed Sigmund
   961 | D:2      | Reached skill level 5 in Axes
   961 | D:2      | Reached XP level 5. HP: 31/46 MP: 5/5
  1343 | D:3      | Reached skill level 6 in Axes
  2030 | D:4      | Noticed an ogre
  2034 | D:4      | Killed an ogre
  2034 | D:4      | Reached skill level 7 in Axes
  2034 | D:4      | Reached XP level 6. HP: 20/55 MP: 6/6
  2255 | D:4      | Found a glowing drain.
  2262 | Sewer    | Entered a sewer
  2871 | D:5      | Entered Level 5 of the Dungeon
  2877 | D:5      | Found Zytouban's Armour Boutique.
  2882 | D:5      | Bought a +0 helmet for 63 gold pieces
  2904 | D:5      | Found Doneg's Gadget Boutique.
  2927 | D:4      | Paralysed by a giant eyeball for 4 turns
  2946 | D:5      | Noticed a troll
  2954 | D:5      | Found Isauru's Book Shop.
  2991 | D:5      | Found Psaacaqe's Jewellery Emporium.
  3070 | D:5      | Found Cuaptol Ral's General Store.
  3079 | D:5      | Bought a potion of curing for 24 gold pieces
  3079 | D:5      | Bought a scroll of identify for 24 gold pieces
  3182 | D:5      | Reached skill level 8 in Axes
  3182 | D:5      | Reached XP level 7. HP: 22/61 MP: 7/7
  3230 | D:4      | Found an iron altar of Okawaru.
  3230 | D:4      | Found a blossoming altar of Fedhas.
  3276 | D:5      | Killed a troll
  3460 | D:5      | Reached skill level 5 in Armour
  3702 | D:6      | Reached XP level 8. HP: 35/73 MP: 7/7
  3786 | D:6      | Found a glowing golden altar of the Shining One.
  3801 | D:6      | Became a worshipper of the Shining One
  3807 | D:6      | Reached skill level 9 in Axes
  4006 | D:7      | Found a staircase to the Ecumenical Temple.
  4031 | Temple   | Entered the Ecumenical Temple
  4117 | D:7      | Reached skill level 10 in Axes
  4390 | D:7      | Found Kimeosuz's Distillery.
  4396 | D:7      | Found a shimmering altar of Xom.
  4405 | D:7      | Bought a potion of strong poison for 30 gold pieces
  4405 | D:7      | Bought a potion of heal wounds for 45 gold pieces
  4405 | D:7      | Bought a potion of curing for 30 gold pieces
  4405 | D:7      | Bought a potion of restore abilities for 45 gold pieces
  4405 | D:7      | Bought a potion of curing for 30 gold pieces
  4446 | D:7      | Found a shimmering altar of Xom.
  4447 | D:7      | Found a shimmering altar of Xom.
  4447 | D:7      | Found a shimmering altar of Xom.
  4447 | D:7      | Found a shimmering altar of Xom.
  4447 | D:7      | Found a shimmering altar of Xom.
  4447 | D:7      | Found a shimmering altar of Xom.
  4447 | D:7      | Found a shimmering altar of Xom.
  4447 | D:7      | Found a shimmering altar of Xom.
  4447 | D:7      | Found a shimmering altar of Xom.
  4447 | D:7      | Found a shimmering altar of Xom.
  4447 | D:7      | Noticed a jumping spider
  4448 | D:7      | Found a shimmering altar of Xom.
  4448 | D:7      | Noticed a fire drake
  4559 | D:8      | Gained mutation: You passively map the area around you. [level up]
  4559 | D:8      | Reached XP level 9. HP: 20/79 MP: 7/7
  4658 | D:8      | Paralysed by a giant eyeball for 3 turns
  4729 | D:8      | Reached skill level 11 in Axes
  4829 | D:8      | Got a flickering ivory ring
  4830 | D:8      | Identified the ring of Xom's Wantonness {Dex+3 Int+3} (You took it off a crimson imp on level 8 of the Dungeon)
  5122 | D:8      | Reached skill level 5 in Fighting
  5407 | D:8      | Reached skill level 12 in Axes
  5929 | D:5      | Bought a scroll of recharging for 114 gold pieces
  6019 | D:8      | HP: 1/82 [deep elf mage/orb of energy (25)]
  6077 | D:9      | Found a blossoming altar of Fedhas.
  6116 | D:9      | Reached XP level 10. HP: 25/91 MP: 7/7
  6178 | D:9      | Noticed an oklob plant
  6395 | D:9      | Acquired the Shining One's first power
  6408 | D:9      | Reached skill level 13 in Axes
  6422 | D:9      | Found a staircase to the Orcish Mines.
  6542 | D:10     | Entered Level 10 of the Dungeon
  6603 | D:10     | Noticed Eustachio
  6626 | D:10     | Killed Eustachio
  6689 | D:10     | Noticed a hill giant
  6940 | D:10     | Killed a hill giant
  6940 | D:10     | Reached skill level 14 in Axes
  7127 | D:10     | Reached skill level 15 in Axes
  7201 | D:10     | Found a burning altar of Makhleb.
  7330 | D:11     | Noticed a five-headed hydra
  7492 | D:11     | Noticed an unseen horror
  7500 | D:11     | Killed an unseen horror
  7542 | D:11     | Reached XP level 11. HP: 33/97 MP: 8/8
  7555 | D:11     | Noticed Josephine
  7569 | D:11     | Killed Josephine
  7577 | D:11     | Reached skill level 16 in Axes
  7590 | D:11     | Acquired the Shining One's second power
  7715 | D:11     | Found Ysax's Jewellery Shoppe.
  7768 | D:11     | Got a crude tin ring
  7987 | D:11     | Found a portal to a secret trove of treasure.
  8207 | Orc:1    | Entered Level 1 of the Orcish Mines
  8795 | Orc:2    | Found Gresh's Antique Weapon Emporium.
  8839 | Orc:4    | Entered Level 4 of the Orcish Mines
  8920 | Orc:2    | Bought a glowing war axe for 129 gold pieces
  9373 | D:9      | HP: 5/104 [killer bee (3)]
  9485 | D:11     | Found a staircase to the Lair.
  9599 | D:12     | Reached skill level 5 in Shields
  9686 | D:12     | Identified the ring "Nemouff" {Contam rC+} (You found it on level 11 of the Dungeon)
  9762 | D:12     | Reached XP level 12. HP: 34/114 MP: 8/8
 10632 | Orc:3    | Acquired the Shining One's third power
 10647 | Orc:3    | Reached skill level 10 in Armour
 10903 | Orc:4    | Found Fuobou's Magic Scroll Shoppe.
 10915 | Orc:4    | Bought a scroll of acquirement for 572 gold pieces
 10918 | Orc:4    | Got a pitted war axe
 10919 | Orc:4    | Identified the +10,+3 war axe "Uteakhle" {freeze, -Tele +Rage +Fly rC+ rN+} (You acquired it on level 4 of the Orcish Mines)
 10930 | Orc:4    | Found a staircase to the Elven Halls.
 10966 | Orc:3    | Noticed an ogre mage
 10970 | Orc:4    | Reached skill level 1 in Invocations
 11049 | Orc:3    | Found Wigguj's General Store.
 11055 | Orc:3    | Killed an ogre mage
 11075 | Orc:3    | Found Teaf's Food Shoppe.
 11094 | Orc:3    | Bought 2 potions of heal wounds for 90 gold pieces
 11440 | Orc:4    | Noticed Grum
 11451 | Orc:4    | Killed Grum
 11556 | Orc:4    | Noticed an orc high priest
 11563 | Orc:4    | Noticed an orc high priest
 11564 | Orc:4    | Noticed an orc high priest
 11651 | Orc:4    | Found Thralaicw's Weapon Shoppe.
 11651 | Orc:4    | Found Waxkit's Distillery.
 11651 | Orc:4    | Found Phoh's General Store.
 11651 | Orc:4    | Noticed an orc high priest
 11659 | Orc:4    | Killed an orc high priest
 11677 | Orc:4    | Killed an orc high priest
 11677 | Orc:4    | Acquired the Shining One's fourth power
 11685 | Orc:4    | Found Sheepea's Antique Armour Emporium.
 11711 | Orc:4    | Killed an orc high priest
 11715 | Orc:4    | Bought a potion of degeneration for 34 gold pieces
 11721 | Orc:4    | Bought a fine ring mail for 216 gold pieces
 11738 | Orc:4    | Identified the +1 ring mail of the Volcano {Str-4 Int-2} (You bought it in a shop on level 4 of the Orcish Mines)
 11757 | Orc:4    | Bought a potion of heal wounds for 51 gold pieces
 11757 | Orc:4    | Bought a potion of curing for 34 gold pieces
 12104 | Lair:1   | Entered Level 1 of the Lair of Beasts
 12132 | Lair:1   | Reached XP level 13. HP: 45/121 MP: 9/9
 12196 | Lair:1   | Noticed Erica
 12207 | Lair:1   | Killed Erica
 12349 | Lair:1   | Noticed Joseph
 12360 | Lair:1   | Killed Joseph
 12545 | Lair:1   | Reached skill level 5 in Invocations
 12807 | Lair:2   | Noticed Prince Ribbit
 12820 | Lair:2   | Killed Prince Ribbit
 12952 | Lair:1   | Reached skill level 10 in Fighting
 13102 | Lair:2   | Found a dark tunnel.
 13116 | Volcano  | Entered a volcano
 13216 | Volcano  | Engulfed by a cloud of flame

Action                   |  1- 3 |  4- 6 |  7- 9 | 10-12 | 13-15 || total
-------------------------+-------+-------+-------+-------+-------++-------
Melee: War axe           |    99 |   296 |   418 |   456 |   214 ||  1483
       Hand axe          |       |       |    10 |    81 |       ||    91
       Battleaxe         |       |       |    87 |   354 |       ||   441
Throw: Tomahawk          |       |       |     6 |     4 |       ||    10
 Abil: Device Recharging |       |       |     3 |     5 |     2 ||    10
Evoke: Wand              |       |    12 |    13 |    38 |     6 ||    69
  Use: Potion            |       |     1 |    10 |    17 |       ||    28
       Scroll            |       |    17 |    10 |    10 |     1 ||    38
